 Dungeon Crawl Stone Soup version 0.19.0-19-g8c6edcc (webtiles) character file.

261 Ahmedlingzor the Chopper (level 5, -2/48 HPs)
             Began as a Minotaur Berserker on Nov 12, 2016.
             Was a Believer of Trog.
             Slain by gitgud34's ghost (12 damage)
             ... in a sewer.
             The game lasted 00:13:47 (3138 turns).

Ahmedlingzor the Chopper (Minotaur Berserker)       Turns: 3138, Time: 00:13:47

Health: -2/48      AC:  7    Str: 23    XL:     5   Next: 96%
Magic:  4/4        EV: 13    Int:  4    God:    Trog [**....]
Gold:   165        SH:  0    Dex: 14    Spells: 0 memorised, 4 levels left

rFire  . . .     SeeInvis .     a - +0 hand axe
rCold  . . .     Gourm    +     p - +3 leather armour {rPois}
rNeg   . . .     Faith    .     (no shield)
rPois  +         Spirit   .     (helmet restricted)
rElec  .         Reflect  .     t - +0 cloak
rCorr  .         Harm     .     (no gloves)
MR     .....                    (no boots)
Stlth  +.........               i - amulet of the gourmand
                                (no ring)
                                d - +5 ring of dexterity

@: no status effects
A: retaliatory headbutt, horns 2
a: Berserk, Trog's Hand, Burn Spellbooks, Renounce Religion


You were in a sewer.
You worshipped Trog.
Trog was pleased with you.
You were very full.

You visited 1 branch of the dungeon, and saw 4 of its levels.
You also visited: Sewer.

You collected 165 gold pieces.

Inventory:

Hand Weapons
 a - a +0 hand axe (weapon)
Armour
 b - a +0 animal skin
 p - a +3 leather armour of poison resistance (worn)
 t - a +0 cloak (worn)
 x - a +0 troll leather armour {Purgy}
Jewellery
 d - a +5 ring of dexterity (left hand)
 i - an amulet of the gourmand (around neck)
Scrolls
 e - 5 scrolls of identify
 m - 2 scrolls of remove curse
 n - 2 scrolls of recharging {unknown}
 o - 2 scrolls of noise {unknown}
 v - a scroll of fog {unknown}
 w - a scroll of teleportation {unknown}
Potions
 f - a potion of flight
 g - 2 potions of curing
 h - 2 potions of lignification {unknown}
 l - a potion of mutation {unknown}
 r - 3 potions of might {unknown}
 s - a potion of heal wounds {unknown}
 u - a potion of berserk rage {unknown}
Comestibles
 c - 4 bread rations
 j - a beef jerky
 k - 2 meat rations
 q - 9 chunks of flesh


   Skills:
 * Level 5.1 Fighting
 + Level 5.9 Axes
 + Level 2.9 Armour
 + Level 3.5 Dodging
 + Level 0.8 Stealth


You had 4 spell levels left.
You didn't know any spells.

Dungeon Overview and Level Annotations

Branches:
Dungeon (4/15)
 Temple: D:4-7

Altars:

Annotations:
Sewer gitgud34's ghost, amateur MiFi


Innate Abilities, Weirdness & Mutations

You reflexively headbutt those who attack you in melee.
You have a pair of horns on your head.


Message History

You hit gitgud34's ghost but do no damage.
Your headbutt misses gitgud34's ghost. Gitgud34's ghost completely misses you.
You hit gitgud34's ghost but do no damage.
Gitgud34's ghost hits you but does no damage.
You closely miss gitgud34's ghost. Gitgud34's ghost hits you!
You slash gitgud34's ghost! Your headbutt misses gitgud34's ghost.
Gitgud34's ghost is lightly damaged.
Gitgud34's ghost hits you.
A ball python comes into view.
The ball python hisses angrily.
You hit gitgud34's ghost but do no damage.
Gitgud34's ghost is lightly damaged.
Gitgud34's ghost closely misses you. You furiously retaliate!
You headbutt gitgud34's ghost, but do no damage.
You closely miss gitgud34's ghost.
Gitgud34's ghost is lightly damaged.
Gitgud34's ghost hits you!
* * * LOW HITPOINT WARNING * * *
Gitgud34's ghost hits you!
You die...

#≈≈≈≈≈≈≈≈≈≈≈≈###
##.≈≈≈≈≈
##≈≈≈≈≈≈≈≈≈≈≈≈#
##.≈≈≈≈
#≈≈≈≈≈≈≈≈≈≈≈≈##
##..≈≈
#≈≈≈≈≈≈≈≈.≈.##
####÷
#≈≈≈≈≈≈≈≈≈≈#.#
#.
#≈≈≈≈≈≈≈≈#####
## #≈≈≈≈≈≈.### #
≈≈≈≈≈≈≈≈W.##
≈≈≈≈≈≈≈≈≈@.#
#####
≈≈≈≈≈≈≈S≈∩.#
#..(######
≈≈≈≈≈≈≈≈..##
#.∩≈≈≈≈≈≈≈
≈≈≈≈≈≈≈†.##
#[..######
#≈≈≈≈≈≈≈.# #####
# ##≈≈≈≈≈÷## #
#≈≈≈≈≈≈.# #
≈≈≈≈≈≈≈.#### ###
#≈≈≈≈≈≈≈≈#.###
###≈≈


You could see gitgud34's ghost and a ball python.

Vanquished Creatures
  Purgy (Sewer)
  Ijyb (D:2)
  An iguana (D:4)
  5 adders
  3 dart slugs (D:1)
  8 leopard geckos
  6 bats
  A giant cockroach (D:4)
  5 goblins
  6 hobgoblins
  6 ball pythons
  8 frilled lizards
  6 kobolds
  7 rats
64 creatures vanquished.

Notes
Turn   | Place    | Note
-------+----------+-------------------------------------------
     0 | D:1      | Ahmedlingzor the Minotaur Berserker began the quest for the Orb.
     0 | D:1      | Reached XP level 1. HP: 19/19 MP: 0/0
   233 | D:1      | Reached XP level 2. HP: 19/27 MP: 1/1
   740 | D:1      | Reached ** piety under Trog
   740 | D:1      | Reached XP level 3. HP: 27/33 MP: 2/2
   918 | D:2      | Noticed Ijyb
   933 | D:2      | Killed Ijyb
   933 | D:2      | Reached XP level 4. HP: 26/41 MP: 3/3
  1268 | D:2      | Reached skill level 5 in Axes
  2872 | D:4      | Reached XP level 5. HP: 26/47 MP: 4/4
  2888 | D:4      | Found a glowing drain.
  3002 | Sewer    | Entered a sewer
  3079 | Sewer    | Noticed Purgy
  3095 | Sewer    | Killed Purgy
  3095 | Sewer    | Reached skill level 5 in Fighting
  3126 | Sewer    | Noticed gitgud34's ghost (amateur MiFi)
  3138 | Sewer    | Slain by gitgud34's ghost

Skill      XL: |  1  2  3  4  5 |
---------------+----------------+-----
Axes           | 4 5 |  5.9
Fighting       | 4 5 |  5.1
Dodging        | 3 |  3.5
Armour         | |  2.9
Stealth        | |  0.8

Action                   |  1- 3 |  4- 6 || total
-------------------------+-------+-------++-------
Melee: Hand axe          |    67 |    79 ||   146
       Headbutt          |    10 |    14 ||    24
  Use: Potion            |     1 |       ||     1
       Scroll            |       |     3 ||     3
  Eat: Chunk             |       |    10 ||    10
       Bread ration      |       |     1 ||     1
Armor: Animal skin       |    11 |     3 ||    14
       Leather armour    |       |    37 ||    37
Dodge: Dodged            |    48 |    69 ||   117
